 Dungeon Crawl Stone Soup version 0.27.0-1-g7a089689b8 (webtiles) character file.

Game seed: 5113954560496454080

168 loralnil the Shield-Bearer (level 5, 0/43 HPs)
             Began as a Formicid Fighter on Aug 13, 2021.
             Slain by an iguana (10 damage)
             ... on level 4 of the Dungeon.
             The game lasted 00:05:07 (3111 turns).

loralnil the Shield-Bearer (Formicid Fighter)       Turns: 3111, Time: 00:05:08

Health: 0/43       AC:  8    Str: 21    XL:     5   Next: 77%
Magic:  5/5        EV:  8    Int:  8    God:
Gold:   152        SH: 10    Dex: 10    Spells: 4/4 levels left

rFire    . . .     SeeInvis +   a - +1 long sword
rCold    . . .     Faith    .   c - +1 kite shield
rNeg     . . .     Spirit   .   b - +0 scale mail
rPois    +         Reflect  .   (helmet unavailable)
rElec    .         Harm     .   (no cloak)
rCorr    .         Rampage  .   k - +0 pair of gloves
Will     .....                  (no boots)
Stlth    ..........             (no amulet)
HPRegen  0.14/turn              g - ring of poison resistance
MPRegen  0.09/turn              (no ring)

@: no status effects
A: permanent stasis, dig shafts and tunnels, antennae 3, four strong arms
a: Dig, Shaft Self


You were on level 4 of the Dungeon.
You visited 1 branch of the dungeon, and saw 4 of its levels.

You collected 152 gold pieces.

Inventory:

Hand Weapons
 a - a +1 long sword (weapon)
Armour
 b - a +0 scale mail (worn)
 c - a +1 kite shield (worn)
 k - a +0 pair of gloves (worn)
Jewellery
 g - a ring of poison resistance (left hand)
 l - a ring of fire
Wands
 e - a wand of iceblast (8)
Scrolls
 j - a scroll of fog {unknown}
Potions
 d - a potion of might
 h - a potion of heal wounds
 m - a potion of ambrosia {unknown}


   Skills:
 + Level 4.3 Fighting
 + Level 3.1 Long Blades
 + Level 4.4 Armour
 + Level 4.7 Shields


You had 4 spell levels left.
You didn't know any spells.
Your spell library was empty.

Dungeon Overview and Level Annotations

Branches:
Dungeon (4/15)
 Temple: D:4-7

Altars:
Makhleb

Shops:
D:1 *   D:2 *


Innate Abilities, Weirdness & Mutations

You cannot be hasted, slowed, berserked, paralysed or teleported.
You can dig through walls and to a lower floor.
You have a pair of large antennae on your head. (SInv)
Your four strong arms can wield two-handed weapons with a shield.


Message History

It is a scroll of enchant weapon.
Your +0 long sword glows red for a moment.
As you read the scroll labelled DYOKIS NADEOT, it crumbles to dust.
It is a scroll of enchant armour.
Your +0 kite shield glows green for a moment.
As you read the scroll labelled ZYKKEO YXZUCWE, it crumbles to dust.
It is a scroll of identify.
h - a potion of heal wounds You now have 152 gold pieces (gained 12).
You open the door.
There is an open door here.
You open the door.
Found a burning altar of Makhleb.
There is an open door here.
You sense a monster nearby.
e - a wand of iceblast (8)
An iguana comes into view.
The iguana hisses angrily.
You hit the iguana.
The iguana is moderately wounded.
The iguana bites you!
You hit the iguana but do no damage.
The iguana is moderately wounded.
The iguana bites you.
The iguana bites you but does no damage.
Your scale mail prevents you from hitting the iguana.
The iguana is moderately wounded.
The iguana barely misses you.
You hit the iguana.
The iguana is severely wounded.
The iguana bites you!
You barely miss the iguana.
The iguana is severely wounded.
The iguana bites you!
* * * LOW HITPOINT WARNING * * *
You block the iguana's attack.
You closely miss the iguana.
The iguana is severely wounded.
The iguana bites you!
You die...

+.P._.P.........
#+##...............
...................
...................
.................##
.................#
.................#
####.............#
####+#..@.....#
+..l.....# {
#........#
#........#
#........#
#........#
#........#
#........#


You could see an iguana.

Vanquished Creatures
  A scorpion (D:4)
  A hound skeleton (D:4)
  3 adders
  2 dart slugs
  An orc (D:3)
  5 ball pythons
  3 bats (D:3)
  5 endoplasms
  A giant cockroach (D:2)
  11 hobgoblins
  3 jackals (D:1)
  5 quokkas
  A frilled lizard (D:3)
  9 goblins
  A jackal skeleton (D:4)
  6 kobolds
  5 rats
63 creatures vanquished.

Notes
Turn   | Place    | Note
-------+----------+-------------------------------------------
     0 | D:1      | loralnil the Formicid Fighter began the quest for the Orb.
     0 | D:1      | Reached XP level 1. HP: 18/18 MP: 1/1
    51 | D:1      | Found Uschod's Assorted Antiques.
   264 | D:1      | Reached XP level 2. HP: 24/24 MP: 2/2
   680 | D:1      | Reached XP level 3. HP: 28/29 MP: 3/3
   774 | D:1      | Found a faded altar of an unknown god.
  1135 | D:2      | Found Jaengiwe's Assorted Antiques.
  1843 | D:2      | Reached XP level 4. HP: 37/37 MP: 4/4
  2693 | D:4      | Noticed a scorpion
  2704 | D:4      | Killed a scorpion
  2705 | D:4      | Reached XP level 5. HP: 33/42 MP: 5/5
  3092 | D:4      | Found a burning altar of Makhleb.
  3111 | D:4      | Slain by an iguana

Illustrated notes

Levels and vault maps discovered:
D:1:      minmay_arrival_checkered_box, layout_loops_corners, serial_shops,
          shop, shapermc_ecumenical_altar_mp_ritualfount, kennysheep_doodads,
          minmay_fountain_box, minmay_pentomino_z2
D:2:      layout_loops_cross, serial_shops, shop
D:3:      layout_rooms
D:4:      layout_gridville, mainiacjoe_overflow_tiny_flanked, minmay_surrounded

Skill      XL: |  1  2  3  4 |
---------------+-------------+-----
Shields        | 4 |  4.7
Armour         | 4 |  4.4
Fighting       | 4 |  4.3
Long Blades    | 3 |  3.1

Action                   |  1- 3 |  4- 6 || total
-------------------------+-------+-------++-------
Melee: Long sword        |   135 |   102 ||   237
  Use: Potion            |     1 |       ||     1
       Scroll            |       |     4 ||     4
Armor: Scale mail        |    51 |    43 ||    94
Dodge: Dodged            |    39 |    37 ||    76
Block: Kite shield       |    63 |    54 ||   117
       Rpst.: Long sword |     9 |    14 ||    23
